 Dungeon Crawl Stone Soup version 0.20-a0-1065-g8446734 (console) character file.

95 nht the Cutter (level 4, 0/26 HPs)
             Began as a Kobold Assassin on Apr 28, 2017.
             Killed by divine providence
             ... invoked by an orc priest
              (11 damage)
             ... on level 3 of the Dungeon.
             The game lasted 00:03:47 (2297 turns).

nht the Cutter (Kobold Assassin)                    Turns: 2297, Time: 00:03:48

Health: 0/26       AC:  4    Str:  8 (9)  XL:     4   Next: 95%
Magic:  4/4        EV: 19    Int: 10 (12) God:
Gold:   123        SH:  0    Dex: 18 (21) Spells: 3/3 levels left

rFire    . . .     SeeInvis .   a - +2 dagger
rCold    . . .     Gourm    .   (shield restricted)
rNeg     . . .     Faith    .   c - +0 robe
rPois    .         Spirit   .   (no helmet)
rElec    .         Reflect  .   d - +1 cloak
rCorr    .         Harm     .   (no gloves)
MR       .....                  (no boots)
Stlth    ++++......             (no amulet)
Regen    0.1/turn               (no ring)
MPRegen  0.1/turn               (no ring)

@: agile
A: carnivore 3
a: no special abilities


You were on level 3 of the Dungeon.
You were completely stuffed.

You visited 1 branch of the dungeon, and saw 3 of its levels.

You collected 123 gold pieces.

Inventory:

Hand Weapons
 a - a +2 dagger (weapon)
 b - a +1 blowgun
Missiles
 e - 20 poisoned needles
 f - a curare-tipped needle
Armour
 c - a +0 robe (worn)
 d - a +1 cloak (worn)
Scrolls
 m - a scroll of remove curse
 p - a scroll of fear
 u - a scroll of enchant armour
Potions
 s - a potion of curing
Comestibles
 g - a meat ration
 h - a chunk of flesh
 n - a royal jelly


   Skills:
 - Level 2.1 Fighting
 + Level 6.2 Short Blades
 - Level 2.1 Throwing
 - Level 1.2 Dodging
 - Level 5.3 Stealth


You had 3 spell levels left.
You didn't know any spells.

Dungeon Overview and Level Annotations

Branches:
Dungeon (3/15)

Altars:
Kikubaaqudgha
Vehumet
The Shining One


Innate Abilities, Weirdness & Mutations

You are small and have problems with some larger weapons.
You are carnivorous and can eat meat at any time.


Message History

The orc looks even sicker.
The orc closely misses you.
Firing (i - inventory. (,) - cycle):
e - 22 poisoned needles (quivered)
Press: ? - help, Shift-Dir - straight line, f/p - orc priest
Aim: an orc priest (almost dead, slow, poisoned)
You shoot a poisoned needle. The poisoned needle hits the orc!
The orc looks as sick as possible!
The orc priest invokes the aid of Beogh against you.
Beogh smites you! The orc hits you but does no damage.
Firing (i - inventory. (,) - cycle):
e - 21 poisoned needles (quivered)
Press: ? - help, Shift-Dir - straight line, f/p - orc priest
Aim: an orc priest (almost dead, slow, poisoned)
You shoot a poisoned needle. The poisoned needle hits the orc.
The orc looks as sick as possible!
The orc is lightly wounded.
Wield which item (- for none, * to show all)? (? for menu, Esc to quit)
a - a +2 dagger (weapon)
The orc misses you.
The orc priest calls down the wrath of Beogh upon you.
Beogh smites you!
You die...

*,,,,,,,* █.......█
*******██...[...█
**,,,,,,,........█
***,,,,,,,**.......*
**,,,..,,,,**,.go..,*
,,,***..*****,,Zbo,,*
**,,**..,* ***█o█***
***,,..█.* █@█
**...█.███████!█ █
*.█.....█...█.█
████.█**,█.......█
.....█ *,█._.....█
)...██ █.█.......█
.[..█ █.█.......█
....█ █.██(.....█
....█ █.█.......█


You could see an orc priest, 2 orcs, a hobgoblin, a bat and a quokka skeleton.

Vanquished Creatures
  3 adders
  2 dart slugs (D:1)
  2 leopard geckos
  2 orcs (D:3)
  A ball python (D:2)
  5 giant cockroaches
  10 hobgoblins
  3 quokkas
  8 bats
  5 frilled lizards
  6 goblins
  6 kobolds
  3 rats
56 creatures vanquished.

Vanquished Creatures (others)
  A human (D:2)
1 creature vanquished.

Grand Total: 57 creatures vanquished

Notes
Turn   | Place    | Note
-------+----------+-------------------------------------------
     0 | D:1      | nht the Kobold Assassin began the quest for the Orb.
     0 | D:1      | Reached XP level 1. HP: 12/12 MP: 1/1
   241 | D:2      | Reached skill level 3 in Short Blades
   281 | D:2      | Reached XP level 2. HP: 15/17 MP: 2/2
   541 | D:2      | Found an ancient bone altar of Kikubaaqudgha.
   542 | D:2      | Noticed a human
   545 | D:2      | Killed a human
   547 | D:2      | Reached skill level 4 in Short Blades
   722 | D:2      | Reached XP level 3. HP: 16/21 MP: 3/3
  1123 | D:1      | Reached skill level 5 in Short Blades
  1231 | D:1      | Reached XP level 4. HP: 15/26 MP: 4/4
  2015 | D:3      | Reached skill level 6 in Short Blades
  2049 | D:3      | Found a glowing golden altar of the Shining One.
  2271 | D:3      | Found a radiant altar of Vehumet.
  2297 | D:3      | Killed from afar by an orc priest

Vault maps used:
D:1:      dpeg_arrival_water_fire
D:2:      tgw_kikubaaqudgha
D:3:      overflow_temple_1_default, nicolae_tso_carved_into_rock

Skill      XL: |  1  2  3  4 |
---------------+-------------+-----
Short Blades   | 3 4 5 6 |  6.2
Fighting       | |  2.1
Throwing       | |  2.1
Dodging        | |  1.2
Stealth        | |  5.3

Action                   |  1- 3 |  4- 6 || total
-------------------------+-------+-------++-------
Melee: Dagger            |    92 |    92 ||   184
 Fire: Blowgun           |       |     5 ||     5
  Use: Potion            |     1 |     5 ||     6
       Scroll            |       |     9 ||     9
 Stab: Sleeping          |    10 |     8 ||    18
  Eat: Chunk             |     9 |     4 ||    13
Armor: Robe              |    15 |    11 ||    26
       Skin              |       |    26 ||    26
Dodge: Dodged            |    63 |    59 ||   122
